[Event "*** Titled Tuesday Blitz"]
[Site "Chess.com"]
[Date "2020.11.03"]
[Round "2"]
[White "mr_gustavo"]
[Black "Roza_Idrisova"]
[Result "1-0"]
[WhiteElo "2413"]
[BlackElo "2177"]
[TimeControl "180+1"]
[EndTime "10:16:58 PST"]
[Termination "mr_gustavo won by resignation"]

1. e4 c6 2. d4 d5 3. e5 c5 4. dxc5 e6 5. Be3 Qc7 6. f4 Ne7 7. Nf3 Nf5 8. Bf2 Bxc5 9. Bxc5 Qxc5 10. Qd2 Qe3+ 11. Qxe3 Nxe3 12. Kd2 Nxf1+ 13. Rxf1 Nc6 14.
Nc3 a6 15. Ne2 Ke7 16. Ned4 Bd7 17. c3 Rhc8 18. Ke3 Na5 19. Nd2 Bb5 20. Rfc1 g6 21. b4 Nc4+ 22. Nxc4 Bxc4 23. a4 b6 24. a5 b5 25. g4 Rh8 26. Rh1 h5 27. h3 Rh7 28.
f5 hxg4 29. hxg4 Rah8 30. f6+ Kd7 31. Rxh7 Rxh7 32. Nf3 Rh3 33. Kf4 Bd3 34. Ng5 Rh2 35.
Nxf7 Be2 36. Nd6 Rg2 37. Kg5 Rxg4+ 38. Kh6 Bd3 39. Kg7 g5 40. f7 1-0

[Event "*** Titled Tuesday Blitz"]
[Site "Chess.com"]
[Date "2020.11.03"]
[Round "2"]
[White "orestn"]
[Black "RU_B9"]
[Result "1-0"]
[WhiteElo "2357"]
[BlackElo "1730"]
[TimeControl "180+1"]
[EndTime "10:16:58 PST"]
[Termination "orestn won by resignation"]

1. e4 c5 2. Nf3 Nc6 3. d4 cxd4 4. Nxd4 Nf6 5. Nc3 e5 6. Ndb5 d6 7. Nd5 Nxd5 8. exd5 Nb8 9. c4 Be7 10. a4 O-O 11. Bd2 a6 12. Na3 a5 13. Nb5 Na6 14. Be2 f5 15. O-O f4 16. f3 Bf5 17. Bc3 Nc5 18.
b4 axb4 19. Bxb4 b6 20. Bxc5 bxc5 21. Bd3 Bxd3 22. Qxd3 Ra5 23. Ra3 Qd7 24. Rfa1 Rfa8 25. Qc2 Bd8 26. R3a2 R5a6 27. a5 Rxa5 28. Rxa5 Rxa5 29.
Rxa5 Bxa5 30. Qa4 Bd2 31. Qa8+ Kf7 32. Qb8 Ke7 33. Qg8 Kf6 34. Qxh7 Be3+ 35. Kf1 Qd8 36.
Qh4+ g5 37. Qh6+ Kf7 38. Nxd6+ Ke7 39. Qxg5+ 1-0

[Event "*** Titled Tuesday Blitz"]
[Site "Chess.com"]
[Date "2020.11.03"]
[Round "2"]
[White "anpospan"]
[Black "WinstonSilvakov"]
[Result "1-0"]
[WhiteElo "2397"]
[BlackElo "2117"]
[TimeControl "180+1"]
[EndTime "10:16:59 PST"]
[Termination "anpospan won by checkmate"]

1. Nf3 c5 2. c4 Nc6 3. g3 d6 4. Bg2 e5 5. O-O h5 6. h4 Be7 7. d3 f6 8. Nc3 g5 9. Nd5 Be6 10. Nxe7 Qxe7 11. hxg5 O-O-O 12. gxf6 Nxf6 13. Bg5 Bg4 14. Bh4 Qg7 15. a3 Rdf8 16. b4 Bxf3 17. Bxf3 Nd4 18.
Bg2 Nf5 19. Bxf6 Rxf6 20. bxc5 h4 21. Qa4 h3 22. Bxb7+ Qxb7 23. c6 h2+ 24. Kh1 Qb6 25.
Rfb1 Qxf2 26. Qa6+ Kd8 27. Rb8+ Ke7 28. Qb7+ Ke6 29. Qd7# 1-0

[Event "*** Titled Tuesday Blitz"]
[Site "Chess.com"]
[Date "2020.11.03"]
[Round "2"]
[White "smshk35"]
[Black "beautroll"]
[Result "0-1"]
[WhiteElo "2447"]
[BlackElo "2357"]
[TimeControl "180+1"]
[EndTime "10:17:00 PST"]
[Termination "beautroll won by resignation"]

1. e4 c5 2. Nf3 d6 3. d4 cxd4 4.
Nxd4 Nf6 5. Nc3 a6 6. Bg5 e6 7. f4 Be7 8. Qf3 Qc7 9. O-O-O Nbd7 10. g4 b5 11. Bxf6 Nxf6 12. g5 Nd7 13. f5 Nc5 14. f6 Bf8 15. Bh3 g6 16. Rhe1 b4 17. Nd5 Qb7 18.
e5 dxe5 19. Nc7+ Qxc7 20. Nc6 Bb7 21. Bg2 Rc8 22. Rxe5 Bxc6 23. Qe2 Bxg2 0-1

[Event "*** Titled Tuesday Blitz"]
[Site "Chess.com"]
[Date "2020.11.03"]
[Round "2"]
[White "DinaBelenkaya"]
[Black "amintabatabaei"]
[Result "0-1"]
[WhiteElo "2355"]
[BlackElo "2949"]
[TimeControl "180+1"]
[EndTime "10:17:02 PST"]
[Termination "amintabatabaei won by resignation"]

1. e4 e6 2. Qe2 d5 3. exd5 Qxd5 4.
Nc3 Qd8 5. g3 Nf6 6. Bg2 Be7 7.
Nf3 O-O 8. O-O c5 9. d3 Nc6 10. Bf4 Bd7 11. a4 Rc8 12. Rfd1 Qb6 13. b3 Rfd8 14. Qf1 Nd4 15. Ra2 Bc6 16. Ne5 Bxg2 17.
Qxg2 Nd5 18. Nc4 Qa6 19. Ne4 Nb4 20. c3 Nxa2 21. cxd4 cxd4 22. Qh3 Nc3 23. Re1 Rd5 24. Ned2 Qc6 25. Qg4 h5 26. Qf3 Rf5 27. Qxc6 Rxc6 28. h4 Bxh4 29. Nf3 Bf6 30. Bd2 Rxf3 31. Kg2 Rxd3 0-1

[Event "*** Titled Tuesday Blitz"]
[Site "Chess.com"]
[Date "2020.11.03"]
[Round "2"]
[White "glebus008"]
[Black "DenisQ"]
[Result "0-1"]
[WhiteElo "2312"]
[BlackElo "2666"]
[TimeControl "180+1"]
[EndTime "10:17:04 PST"]
[Termination "DenisQ won by checkmate"]

1. e4 c6 2. d4 d5 3. exd5 cxd5 4. Nf3 Nf6 5. Ne5 Nc6 6. Bb5 Bd7 7. Nxd7 Qxd7 8. c3 e6 9. O-O Bd6 10. Nd2 O-O 11.
Nf3 a6 12. Bd3 b5 13. a3 Rab8 14. Qe2 Qc7 15. g3 Na5 16. Bd2 Nc4 17. Bg5 Nd7 18.
Rae1 a5 19. Bc1 Rfc8 20. h4 b4 21. axb4 axb4 22. h5 bxc3 23. bxc3 h6 24. Nh2 Na5 25. Ng4 Qxc3 26. Nxh6+ gxh6 27. Bxh6 Qxd4 28. Qf3 Rb3 29.
Bh7+ Kh8 30. Qxf7 Rxg3+ 31. Kh2 Qh4# 0-1

[Event "*** Titled Tuesday Blitz"]
[Site "Chess.com"]
[Date "2020.11.03"]
[Round "2"]
[White "Morshynska"]
[Black "Koksik_13"]
[Result "0-1"]
[WhiteElo "2240"]
[BlackElo "2660"]
[TimeControl "180+1"]
[EndTime "10:17:04 PST"]
[Termination "Koksik_13 won on time"]

1. Nf3 a6 2. g3 b5 3. Bg2 Bb7 4. O-O h5 5. a4 e6 6. axb5 axb5 7.
Rxa8 Bxa8 8. d3 Be7 9. h4 Nf6 10.
e4 Ng4 11. Nc3 b4 12. Ne2 O-O 13. Bg5 c5 14. Bxe7 Qxe7 15. Nf4 g6 16. Nh2 Nxh2 17.
Kxh2 Qf6 18. b3 Nc6 19. Ne2 Ne5 20. f3 d5 21. d4 cxd4 22. Qxd4 dxe4 23. fxe4 Ng4+ 24.
Kg1 Qxd4+ 25. Nxd4 Rd8 26. Nb5 Rd2 27. Rc1 Kg7 28.
Nc7 Bb7 29. Nb5 Ne3 30. Bh1 Nxc2 0-1

[Event "*** Titled Tuesday Blitz"]
[Site "Chess.com"]
[Date "2020.11.03"]
[Round "2"]
[White "Stormeman100100"]
[Black "Chessbard1972"]
[Result "1-0"]
[WhiteElo "2524"]
[BlackElo "2307"]
[TimeControl "180+1"]
[EndTime "10:17:04 PST"]
[Termination "Stormeman100100 won by checkmate"]

1. c4 Nf6 2. Nc3 g6 3. e4 d6 4. d4 Bg7 5. h3 O-O 6. Be3 Na6 7. g4 c5 8. d5 e6 9. Nge2 exd5 10. cxd5 Re8 11. Ng3 Nc7 12. a4 b6 13. g5 Nd7 14. h4 Ba6 15. Bxa6 Nxa6 16. h5 f5 17. gxf6 Nxf6 18. hxg6 hxg6 19. Qf3 Nb4 20. O-O-O a6 21. Rdg1 b5 22. Bh6 Ra7 23. Bxg7 Rxg7 24. Nge2 c4 25. Nf4 Nd3+ 26. Nxd3 cxd3 27. axb5 axb5 28. Qxd3 b4 29. Nb5 Nxe4 30. Qd4 Qa5 31. Rxg6 Rc8+ 32. Kb1 Nd2+ 33. Qxd2 Rxg6 34. Qd4 Qxb5 35. Qh8+ Kf7 36. Rh7+ Rg7 37. Qxg7+ Ke8 38. Rh8# 1-0

[Event "*** Titled Tuesday Blitz"]
[Site "Chess.com"]
[Date "2020.11.03"]
[Round "2"]
[White "grzechu96"]
[Black "kot60"]
[Result "1-0"]
[WhiteElo "2683"]
[BlackElo "2384"]
[TimeControl "180+1"]
[EndTime "10:17:08 PST"]
[Termination "grzechu96 won by resignation"]

1. e4 e5 2. Nf3 Nc6 3. Bc4 Be7 4. O-O Nf6 5. d3 d6 6. a4 O-O 7. a5 a6 8. Re1 h6 9. Nc3 Nh7 10. Nd5 Be6 11. c3 Qd7 12. b4 Nd8 13. h3 Kh8 14. d4 f6 15. Nh4 Bf7 16. Qg4 f5 17. Nxf5 Bg5 18. Nxh6 Qxg4 19. Nxf7+ Nxf7 20. hxg4 Bxc1 21. Raxc1 c6 22. Nb6 Rad8 23. Bxf7 Rxf7 24. dxe5 dxe5 25. Rcd1 Rdf8 26. f3 Ng5 27. Rd6 Re7 28. Red1 Ne6 29. Rd7 Rff7 30. Rxe7 Rxe7 31. Rd7 Rxd7 32. Nxd7 Nf4 33.
Kf1 Ng6 34. Nc5 1-0

[Event "*** Titled Tuesday Blitz"]
[Site "Chess.com"]
[Date "2020.11.03"]
[Round "2"]
[White "indfraeng"]
[Black "Witik"]
[Result "0-1"]
[WhiteElo "2333"]
[BlackElo "2626"]
[TimeControl "180+1"]
[EndTime "10:17:10 PST"]
[Termination "Witik won by checkmate"]

1. d4 d5 2. c4 e6 3. g3 Bd6 4. Bg2 c6 5. Nf3 f5 6. O-O Nf6 7. Nc3 O-O 8. Qc2 Qe8 9. Ne1 Nbd7 10. f3 e5 11. dxe5 Nxe5 12. cxd5 cxd5 13. f4 Neg4 14.
Nxd5 Be6 15. Qd3 Rd8 16. Nxf6+ Rxf6 17. Qf3 Bc5+ 18. e3 Bd5 19. Qxd5+ Rxd5 20. Bxd5+ Kh8 21. Ng2 Rh6 22. Nh4 Bxe3+ 23. Bxe3 Qxe3+ 24. Kh1 Rxh4 25.
Rae1 Rxh2# 0-1

[Event "*** Titled Tuesday Blitz"]
[Site "Chess.com"]
[Date "2020.11.03"]
[Round "2"]
[White "MomchilPetkov"]
[Black "rududuyk"]
[Result "1-0"]
[WhiteElo "2645"]
[BlackElo "2174"]
[TimeControl "180+1"]
[EndTime "10:17:16 PST"]
[Termination "MomchilPetkov won by checkmate"]

1. d4 e6 2. Bf4 f5 3. c4 Nf6 4. Nc3 Bb4 5. Rc1 O-O 6. e3 b6 7.
Nf3 Bb7 8. Be2 Ne4 9. O-O Bxc3 10. bxc3 d6 11. h3 Nd7 12. Bh2 Qe8 13. Nd2 e5 14. Nxe4 Bxe4 15. d5 f4 16. exf4 exf4 17. Bg4 Nc5 18. Re1 Qg6 19. f3 Bf5 20. Bxf5 Rxf5 21. Re7 Rg5 22. Qf1 Qf6 23. Rce1 Rf8 24. Rxc7 Qxc3 25.
Ree7 Nd3 26. Kh1 Qd4 27. Bg1 Qc3 28. Qe2 Ne1 29. Qxe1 Qb2 30. Qe2 Qa1 31. Qe6+ Kh8 32. Re8 Rf5 33. Rf7 Rg8 34. Rxg8+ Kxg8 35. Qe8# 1-0

[Event "*** Titled Tuesday Blitz"]
[Site "Chess.com"]
[Date "2020.11.03"]
[Round "2"]
[White "MattyDPerrine"]
[Black "DonBroca"]
[Result "1-0"]
[WhiteElo "2385"]
[BlackElo "2082"]
[TimeControl "180+1"]
[EndTime "10:17:17 PST"]
[Termination "MattyDPerrine won by resignation"]

1. e4 c5 2. Nf3 d6 3. Bb5+ Nd7 4. Ba4 Nf6 5. O-O g6 6. Re1 Bg7 7. c3 O-O 8. d4 a6 9. Bb3 b5 10. e5 Ne8 11. e6 fxe6 12. Bxe6+ Kh8 13. Ng5 cxd4 14. cxd4 Ndf6 15. Nf7+ Rxf7 16. Bxf7 Nc7 17. Bb3 Bb7 18. a3 Qd7 19. Nc3 Rf8 20. h3 Qf5 21. Qc2 Qh5 22. Rxe7 Nfe8 23. Be3 Bf6 24.
Rf7 Rxf7 25. Bxf7 Ng7 26. Ne4 Nce8 27. Nxf6 1-0

[Event "*** Titled Tuesday Blitz"]
[Site "Chess.com"]
[Date "2020.11.03"]
[Round "2"]
[White "penguingm1"]
[Black "GameOverBro"]
[Result "1-0"]
[WhiteElo "2814"]
[BlackElo "2526"]
[TimeControl "180+1"]
[EndTime "10:17:18 PST"]
[Termination "penguingm1 won by resignation"]

1. d4 d6 2. c4 Nf6 3. Nc3 Nbd7 4. e4 e5 5. Nge2 Be7 6. f3 h5 7. Be3 c6 8. Qd2 a5 9. d5 a4 10. Nc1 Qa5 11. Nd3 O-O 12. Be2 Bd8 13. g4 Bb6 14. gxh5 Nxh5 15. Rg1 Nf4 16. Nxf4 exf4 17. Bxb6 Qxb6 18.
O-O-O a3 19. b3 Nc5 20. Qxf4 Nxb3+ 21. axb3 Qxb3 22. Rxg7+ Kxg7 23. Rg1+ 1-0

[Event "*** Titled Tuesday Blitz"]
[Site "Chess.com"]
[Date "2020.11.03"]
[Round "2"]
[White "PawnEatingZombie"]
[Black "Bodnar_Mykola"]
[Result "0-1"]
[WhiteElo "2168"]
[BlackElo "2409"]
[TimeControl "180+1"]
[EndTime "10:17:18 PST"]
[Termination "Bodnar_Mykola won by resignation"]

1. d4 Nf6 2. c4 e6 3. Nc3 Bb4 4.
Qc2 d5 5. cxd5 exd5 6. Bf4 O-O 7. e3 Re8 8. Bd3 c5 9. Ne2 Nc6 10. O-O cxd4 11. exd4 Bg4 12. h3 Bh5 13. Bg5 Bxc3 14. bxc3 Bxe2 15. Bxe2 Rc8 16. Qd3 h6 17. Bh4 Qd6 18.
Rfe1 Na5 19. Qb5 b6 20. Bd3 Ne4 21. f3 a6 22. Qxa6 Nxc3 23. Rxe8+ Rxe8 24. Rc1 Qf4 25. Rxc3 Qxd4+ 26. Bf2 Qxc3 27. Qxb6 Nc4 28. Bxc4 dxc4 29.
a4 Qa1+ 30. Kh2 Qxa4 0-1

[Event "*** Titled Tuesday Blitz"]
[Site "Chess.com"]
[Date "2020.11.03"]
[Round "2"]
[White "UB_TheQueen"]
[Black "Ural_bogatyr"]
[Result "0-1"]
[WhiteElo "2080"]
[BlackElo "2385"]
[TimeControl "180+1"]
[EndTime "10:17:19 PST"]
[Termination "Ural_bogatyr won on time"]

1. e4 e5 2. Nf3 Nc6 3. Bc4 Nf6 4. Ng5 d5 5. exd5 Na5 6. Bb5+ Bd7 7. Qe2 Be7 8. Nc3 O-O 9. O-O Bxb5 10. Qxb5 c6 11. dxc6 Nxc6 12. d3 Nd4 13. Qa4 a6 14. Nce4 b5 15.
Nxf6+ gxf6 16. Qxd4 exd4 17. Ne4 f5 18. Ng3 Qd7 19.
Bh6 Rfe8 20. Rfe1 Bd6 21. Nh5 Re6 22. Bg5 Be7 23. Bf4 Re8 24. Rxe6 Qxe6 25. Kf1 Qg6 26. Ng3 h5 27. Re1 h4 28. Ne2 Bd6 0-1

[Event "*** Titled Tuesday Blitz"]
[Site "Chess.com"]
[Date "2020.11.03"]
[Round "2"]
[White "r31415"]
[Black "BikingBrian"]
[Result "0-1"]
[WhiteElo "2439"]
[BlackElo "2282"]
[TimeControl "180+1"]
[EndTime "10:17:20 PST"]
[Termination "BikingBrian won by resignation"]

1. c4 g6 2. d4 Nf6 3. Nc3 Bg7 4. e4 d6 5. f3 O-O 6. Bg5 c5 7. d5 e6 8. Qd2 exd5 9. cxd5 a6 10. a4 Re8 11. Nge2 Nbd7 12. Nc1 Rb8 13. Be2 Ne5 14. O-O c4 15. Re1 b5 16. axb5 axb5 17. b4 Qb6+ 18. Be3 Qb7 19. Ra5 Bd7 20. h3 Ra8 21. Rxa8 Rxa8 22.
f4 Nd3 23. Nxd3 cxd3 24. Qxd3 Ra3 25. Bc1 Rb3 26. Bd1 Rxb4 27. Ba3 Qa7+ 28. Kh2 Qxa3 29. e5 Rxf4 30. exf6 Bxf6 31. Re3 Be5 32. Kg1 Bd4 0-1

[Event "*** Titled Tuesday Blitz"]
[Site "Chess.com"]
[Date "2020.11.03"]
[Round "2"]
[White "annazero"]
[Black "sboshaon21"]
[Result "1-0"]
[WhiteElo "2376"]
[BlackElo "2018"]
[TimeControl "180+1"]
[EndTime "10:17:20 PST"]
[Termination "annazero won by resignation"]

1. d4 d5 2. Nf3 Nf6 3. c4 c6 4. cxd5 cxd5 5. Nc3 Nc6 6. Bf4 e6 7. e3 Bd6 8. Bg3 O-O 9. Bd3 a6 10. a3 b5 11. Rc1 Bb7 12. Bb1 Rc8 13. Ne5 Qb6 14.
Qd3 g6 15. Nxg6 Bxg3 16. Nxf8 Bxf2+ 17. Kxf2 Kxf8 18. Rhf1 Ke7 19. Kg1 Rg8 20. Rf2 Rg7 21. Rcf1 Ng4 22. Rf4 h5 23. h3 Nh6 24. Rf6 Ng8 25.
R6f2 Nh6 26. Qe2 Rg5 27. h4 Rg4 28. Rf6 Nxd4 29. exd4 Qxd4+ 30. Qf2 1-0

[Event "*** Titled Tuesday Blitz"]
[Site "Chess.com"]
[Date "2020.11.03"]
[Round "2"]
[White "Ermito2020"]
[Black "pavelalexandru07"]
[Result "1-0"]
[WhiteElo "2604"]
[BlackElo "2323"]
[TimeControl "180+1"]
[EndTime "10:17:21 PST"]
[Termination "Ermito2020 won by resignation"]

1. e4 c5 2. Nf3 d6 3. d4 cxd4 4.
Nxd4 Nf6 5. Nc3 a6 6. Nb3 e5 7. Bg5 Be7 8. Bxf6 Bxf6 9. Qd3 Be7 10. O-O-O O-O 11. Nd5 Bg5+ 12. Kb1 Nd7 13. h4 Bf6 14. g4 Bxh4 15. Qh3 g5 16. Ne3 Nf6 17. f3 h5 18. Bd3 Kg7 19. Qg2 Rh8 20. Bc4 Be6 21.
Bxe6 fxe6 22. gxh5 Rxh5 23. Rxh4 1-0

[Event "*** Titled Tuesday Blitz"]
[Site "Chess.com"]
[Date "2020.11.03"]
[Round "2"]
[White "nocnypako"]
[Black "kirillshevchenko"]
[Result "0-1"]
[WhiteElo "2572"]
[BlackElo "2872"]
[TimeControl "180+1"]
[EndTime "10:17:22 PST"]
[Termination "kirillshevchenko won by resignation"]

1. d4 Nf6 2. c4 g6 3. Nc3 Bg7 4. e4 d6 5. Nf3 O-O 6. Be2 e5 7. O-O Qe7 8. Bg5 Nbd7 9. Re1 c6 10. d5 h6 11. Bh4 g5 12. Bg3 Nc5 13. Nd2 a5 14. b3 Qc7 15. a3 h5 16. Bxh5 g4 17.
b4 axb4 18. axb4 Rxa1 19. Qxa1 Nd3 20. Bxf7+ Qxf7 21. Rb1 Nh5 22. f3 Bh6 23. Qa2 Nxg3 24. hxg3 Qh5 25. Nd1 gxf3 26. Nxf3 Bg4 27. Qe2 Bxf3 28.
gxf3 Rxf3 0-1

[Event "*** Titled Tuesday Blitz"]
[Site "Chess.com"]
[Date "2020.11.03"]
[Round "2"]
[White "Ranindu2003"]
[Black "ChelsieMonica"]
[Result "1-0"]
[WhiteElo "2588"]
[BlackElo "2326"]
[TimeControl "180+1"]
[EndTime "10:17:22 PST"]
[Termination "Ranindu2003 won by resignation"]

1. e4 e5 2. Nf3 Nc6 3. Bc4 Bc5 4. c3 Nf6 5. d3 O-O 6. Bb3 h6 7. h3 d5 8. Qe2 dxe4 9. dxe4 Be6 10. Nbd2 Qe7 11.
Nf1 a5 12. Ng3 a4 13. Bc2 Nd7 14. Nh2 Nb6 15. Ng4 Kh7 16. Nh5 Nd7 17. Qf3 a3 18. b3 b5 19. Ng3 b4 20. Nf5 Bxf5 21. exf5 Nf6 22. Qxc6 bxc3 23. O-O Bd4 24. Be3 Rad8 25. Rfe1 Rd6 26. Qc4 Nxg4 27. f6+ 1-0

[Event "*** Titled Tuesday Blitz"]
[Site "Chess.com"]
[Date "2020.11.03"]
[Round "2"]
[White "Gabrielian_Artur"]
[Black "Rap_woyska"]
[Result "1-0"]
[WhiteElo "2787"]
[BlackElo "2509"]
[TimeControl "180+1"]
[EndTime "10:17:23 PST"]
[Termination "Gabrielian_Artur won by resignation"]

1. e4 e6 2. d4 d5 3. e5 c5 4. c3 Qb6 5. Nf3 Nc6 6. a3 Nh6 7. b4 cxd4 8. Bxh6 gxh6 9. cxd4 Bd7 10. Ra2 Rg8 11. g3 h5 12. Rd2 Be7 13. h4 Rg4 14. Be2 Nxb4 15. axb4 Bxb4 16. O-O Bxd2 17. Nbxd2 Rxd4 18.
Nxd4 Qxd4 19. Bxh5 Qxe5 20. Re1 Qd4 21. Qe2 b5 22. Nf3 Qc4 23. Bxf7+ Kf8 24. Qe3 Qe4 25. Qh6+ 1-0

[Event "*** Titled Tuesday Blitz"]
[Site "Chess.com"]
[Date "2020.11.03"]
[Round "2"]
[White "Kapibara_Warri0r"]
[Black "serhanberat_ozdemir"]
[Result "0-1"]
[WhiteElo "2131"]
[BlackElo "2401"]
[TimeControl "180+1"]
[EndTime "10:17:23 PST"]
[Termination "serhanberat_ozdemir won by resignation"]

1. e4 c5 2. Nf3 e6 3. d4 cxd4 4. Nxd4 a6 5. Nc3 b5 6. a4 b4 7. Na2 Bb7 8. Bd3 Qb6 9. Be3 Bc5 10. c3 Nc6 11. Nxc6 Bxe3 12. Qg4 Bxf2+ 13. Kf1 g6 14. Ncxb4 Ne7 15. h4 O-O 16. h5 f5 17. Qg5 fxe4 18. Be2 Be3+ 0-1

[Event "*** Titled Tuesday Blitz"]
[Site "Chess.com"]
[Date "2020.11.03"]
[Round "2"]
[White "zurzan"]
[Black "ajdemipopushi"]
[Result "0-1"]
[WhiteElo "2060"]
[BlackElo "2379"]
[TimeControl "180+1"]
[EndTime "10:17:23 PST"]
[Termination "ajdemipopushi won by resignation"]

1. f4 c5 2. Nf3 g6 3. g3 Bg7 4. Bg2 Nc6 5. O-O e6 6. d3 Nge7 7. c3 O-O 8. e4 b6 9. Qe1 Ba6 10. Qe3 d5 11. e5 d4 12. Qe2 dxc3 13. Rd1 cxb2 14. Bxb2 Nf5 15. Na3 Nfd4 16. Nxd4 Nxd4 17. Qf2 Rc8 18. Nc4 Rc7 19. Rac1 Rd7 20. Nd6 Nb5 21.
Bc6 Nxd6 22. Bxd7 Qxd7 23. exd6 Qxd6 24. Bxg7 Kxg7 25. Qb2+ Kg8 26. Qe5 Qc6 27. d4 Bb7 28.
d5 exd5 29. Kg2 Re8 30. Qb2 d4+ 31. Kh3 Bc8+ 32. g4 Qf3+ 0-1

[Event "*** Titled Tuesday Blitz"]
[Site "Chess.com"]
[Date "2020.11.03"]
[Round "2"]
[White "731291"]
[Black "Azerichess"]
[Result "0-1"]
[WhiteElo "2622"]
[BlackElo "3014"]
[TimeControl "180+1"]
[EndTime "10:17:24 PST"]
[Termination "Azerichess won on time"]

1. e4 c6 2. Nc3 d5 3. Nf3 Bg4 4. h3 Bxf3 5. Qxf3 e6 6. d4 dxe4 7. Qxe4 Nf6 8. Qd3 Qa5 9. Bd2 Na6 10. Ne4 Nb4 11. Nxf6+ gxf6 12. Qb3 Qd5 13. Bxb4 Qxb3 14. axb3 Bxb4+ 15. c3 Bd6 16. g3 f5 17. Bg2 h5 18. b4 h4 19. gxh4 Ke7 20. b5 cxb5 21. Bxb7 Rab8 22. Rxa7 Rxh4 23. Ke2 b4 24. Rg1 Kf6 25. Rh1 Be7 26. Bg2 bxc3 27. bxc3 Rb2+ 28. Kf3 Bd6 29. Rha1 Rf4+ 30. Ke3 Rfxf2 31. Bc6 Rbd2 0-1

[Event "*** Titled Tuesday Blitz"]
[Site "Chess.com"]
[Date "2020.11.03"]
[Round "2"]
[White "Karateloru"]
[Black "petrkostenko"]
[Result "1-0"]
[WhiteElo "2705"]
[BlackElo "2467"]
[TimeControl "180+1"]
[EndTime "10:17:28 PST"]
[Termination "Karateloru won by resignation"]

1. e4 e6 2. e5 c5 3. Nc3 Nc6 4.
f4 d6 5. exd6 Bxd6 6. Bb5 Ne7 7.
Nge2 O-O 8. Bxc6 Nxc6 9. O-O b6 10. d3 Bb7 11. Ne4 Be7 12. b3 Nb4 13. Bd2 Nd5 14. N2g3 g6 15. Qe2 Rc8 16. Rad1 Rc7 17. c4 Nf6 18. Bc3 Rd7 19. Ng5 Ne8 20. Nf3 Qc7 21. Ne5 Rd8 22. f5 exf5 23. Nxf5 Bf6 24. Nh6+ Kg7 25.
Nhg4 Rd4 26. Nxf6 Nxf6 27. Nf3 Qd6 28. Nxd4 cxd4 29. Bd2 h5 30. Bf4 1-0

[Event "*** Titled Tuesday Blitz"]
[Site "Chess.com"]
[Date "2020.11.03"]
[Round "2"]
[White "Sanan_Sjugirov"]
[Black "Alexchess1984"]
[Result "1-0"]
[WhiteElo "2851"]
[BlackElo "2556"]
[TimeControl "180+1"]
[EndTime "10:17:29 PST"]
[Termination "Sanan_Sjugirov won by resignation"]

1. d4 Nf6 2. c4 c5 3. d5 b5 4. cxb5 a6 5. e3 e6 6. Nc3 Bb7 7. e4 exd5 8. exd5 Bd6 9. Nf3 O-O 10. Be2 h6 11. O-O Re8 12. Bc4 Ne4 13. Nxe4 Rxe4 14. Qd3 Rg4 15. h3 Rg6 16. Bd2 axb5 17. Bxb5 Na6 18.
a3 Nc7 19. Bc4 Qf6 20. Bc3 Qf4 21. Rfe1 Re8 22. Rxe8+ Nxe8 23. Re1 Nf6 24. Bd2 Nh5 25. Re8+ Kh7 26. Bxf4 Nxf4 27. Qf5 Nxg2 28. Kf1 1-0

[Event "*** Titled Tuesday Blitz"]
[Site "Chess.com"]
[Date "2020.11.03"]
[Round "2"]
[White "MaxLeto"]
[Black "JRenatoMaranhao"]
[Result "1-0"]
[WhiteElo "2365"]
[BlackElo "1890"]
[TimeControl "180+1"]
[EndTime "10:17:29 PST"]
[Termination "MaxLeto won by resignation"]

1. g4 d5 2. Bg2 c6 3. g5 h6 4. g6 fxg6 5. d4 Nf6 6. Nf3 Bf5 7. c4 e6 8. Nc3 Bb4 9. Qb3 Qb6 10. c5 Bxc3+ 11.
Qxc3 Qc7 12. Ne5 Nbd7 13. Bf4 Nh5 14. Bg3 Nxg3 15. hxg3 Nxe5 16. dxe5 O-O 17. O-O Rad8 18. Rfd1 b6 19. f4 Rb8 20. Rd2 Rb7 21. Rc1 Rfb8 22. b3 a5 23. e3 a4 24. bxa4 bxc5 25. Qxc5 Rb1 26. Rxb1 Rxb1+ 27. Kf2 Qa5 28. Qxa5 1-0

[Event "*** Titled Tuesday Blitz"]
[Site "Chess.com"]
[Date "2020.11.03"]
[Round "2"]
[White "ClydeHillKid"]
[Black "Angry_Twin"]
[Result "0-1"]
[WhiteElo "2350"]
[BlackElo "2856"]
[TimeControl "180+1"]
[EndTime "10:17:35 PST"]
[Termination "Angry_Twin won by checkmate"]

1. e4 c5 2. Nf3 d6 3. d4 cxd4 4.
Nxd4 Nf6 5. Nc3 a6 6. Bd3 e5 7.
Nde2 Be7 8. O-O O-O 9. Ng3 Nc6 10. Nd5 Nxd5 11. exd5 Nb4 12. c4 Nxd3 13. Qxd3 f5 14.
f4 e4 15. Qe2 Bf6 16. Be3 b5 17. cxb5 axb5 18. Qxb5 Ba6 19. Qc6 Bxf1 20. Rxf1 Bxb2 21.
Rb1 Rxa2 22. Qc4 Ra1 23. Rxa1 Bxa1 24. Qa6 Bc3 25. Qc6 Ba5 26. Bd4 g6 27. h3 Rf7 28.
Qa4 Bb6 29. Bxb6 Qxb6+ 30. Kh2 Qd8 31. Qc6 Re7 32. Qc3 e3 33. Ne2 Qf8 34. Kg3 Qf7 35.
Qc8+ Kg7 36. Qc3+ Qf6 37. Qd3 h6 38. Kf3 g5 39. fxg5 hxg5 40. g3 Re4 41. g4 Qe5 42.
gxf5 Qxf5+ 43. Kg2 Qf2+ 44. Kh1 Qf3+ 45. Kh2 Rh4 46.
Qc3+ Qf6 47. Qc7+ Kh6 48. Qc3 Qf2+ 49. Kh1 Rxh3# 0-1

[Event "*** Titled Tuesday Blitz"]
[Site "Chess.com"]
[Date "2020.11.03"]
[Round "2"]
[White "JiiHart"]
[Black "CM_rui"]
[Result "0-1"]
[WhiteElo "2076"]
[BlackElo "2384"]
[TimeControl "180+1"]
[EndTime "10:17:35 PST"]
[Termination "CM_rui won by resignation"]

1. e4 e5 2. Nf3 Nc6 3. d4 exd4 4. Nxd4 Bc5 5. Be3 Qf6 6. c3 Nge7 7. g3 O-O 8. Bg2 Ne5 9. O-O d6 10. h3 Nc4 11. Bc1 Nc6 12. Nxc6 bxc6 13. b3 Ne5 14.
Kh2 Ba6 15. f4 Ng6 16. Rf3 Rfe8 17. Nd2 Rad8 18. Bb2 h5 19. h4 Bc8 20. Bh3 Bg4 21.
Bxg4 hxg4 22. Rf1 Nxh4 23. e5 dxe5 24. Ne4 Nf3+ 25. Kg2 Qh6 26. Rh1 Rxd1 27. Rxh6 Rxa1 28. Nf6+ gxf6 29. Bxa1 Kg7 30. Rh1 e4 0-1

[Event "*** Titled Tuesday Blitz"]
[Site "Chess.com"]
[Date "2020.11.03"]
[Round "2"]
[White "KetiGrant"]
[Black "MichailovM"]
[Result "1-0"]
[WhiteElo "2305"]
[BlackElo "2451"]
[TimeControl "180+1"]
[EndTime "10:17:36 PST"]
[Termination "KetiGrant won by resignation"]

1. e4 c5 2. Nf3 d6 3. Bb5+ Bd7 4. Bxd7+ Qxd7 5. O-O Nc6 6. c3 Nf6 7. Re1 e6 8. d4 cxd4 9. cxd4 d5 10. e5 Ne4 11.
Nbd2 Nxd2 12. Bxd2 Be7 13. Rc1 O-O 14. a3 Rfc8 15. Rc3 b6 16. h4 Na5 17. Rd3 Nc4 18. Bc1 a5 19. Nh2 b5 20. Qh5 b4 21. axb4 axb4 22.
b3 Na3 23. Rf3 Bf8 24. Ng4 Rc3 25. Be3 Nc2 26. Nf6+ gxf6 27. Rg3+ Kh8 28. Qg4 Bh6 29. Bxh6 Rxg3 30. Bg7+ Kg8 31. Qxg3 1-0

[Event "*** Titled Tuesday Blitz"]
[Site "Chess.com"]
[Date "2020.11.03"]
[Round "2"]
[White "WildTricks"]
[Black "salomez"]
[Result "1-0"]
[WhiteElo "2403"]
[BlackElo "2132"]
[TimeControl "180+1"]
[EndTime "10:17:38 PST"]
[Termination "WildTricks won on time"]

1. e4 c5 2. Nf3 e6 3. g3 Nc6 4. Bg2 g6 5. d4 Nf6 6. d5 Nb8 7. Nc3 Bg7 8. O-O exd5 9. e5 Ng4 10. h3 Nh6 11. Bg5 Qa5 12. Nxd5 O-O 13. Qc1 Nf5 14. g4 Nd4 15. Nxd4 cxd4 16. Bh6 Nc6 17. Qg5 Qc5 18. e6 1-0